 Dungeon Crawl Stone Soup version 0.27.0-1-g7a089689b8 (webtiles) character file.

Game seed: 16218081432931799269

22 SnakkuSnakku7 the Grave Robber (level 2, 0/15 HPs)
             Began as a Gargoyle Necromancer on Aug 5, 2021.
             Slain by a frilled lizard (1 damage)
             ... on level 2 of the Dungeon.
             The game lasted 00:02:05 (1442 turns).

SnakkuSnakku7 the Grave Robber (GrNe)               Turns: 1442, Time: 00:02:06

Health: 0/15       AC:  4    Str: 11    XL:     2   Next: 91%
Magic:  4/5        EV: 11    Int: 15    God:
Gold:   34         SH:  0    Dex: 10    Spells: 4/5 levels left

rFire    . . .     SeeInvis .   a - +0 fustibalus
rCold    . . .     Faith    .   (no shield)
rNeg     + . .     Spirit   .   c - +0 robe
rPois    ∞         Reflect  .   (no helmet)
rElec    +         Harm     .   (no cloak)
rCorr    .         Rampage  .   (no gloves)
Will     .....                  (no boots)
Stlth    ++........             (no amulet)
HPRegen  0.05/turn              (no ring)
MPRegen  0.09/turn              (no ring)

@: no status effects
A: sickness immunity, AC +2, negative energy resistance 1, electricity
resistance, torment resistance 1, petrification resistance
a: no special abilities


You were on level 2 of the Dungeon.
You visited 1 branch of the dungeon, and saw 2 of its levels.

You collected 34 gold pieces.

Inventory:

Hand Weapons
 a - a +0 fustibalus (weapon)
Missiles
 d - 5 stones (quivered ammo)
Armour
 b - a +0 leather armour
 c - a +0 robe (worn)
Scrolls
 e - a scroll of blinking {unknown}


   Skills:
 + Level 2.0 Slings
 - Level 1.5 Dodging
 - Level 2.1 Stealth
 - Level 2.0 Spellcasting
 - Level 3.4 Necromancy


You had 4 spell levels left.
You knew the following spells:

 Your Spells              Type           Power      Damage    Failure   Level
a - Pain                  Necr           44%        1d6       5%          1

Your spell library contained the following spells:

 Spells                   Type           Power      Damage    Failure   Level
 Animate Skeleton         Necr           22%        N/A       5%          1
 Vampiric Draining        Necr           5%         2d6       17%         3
 Animate Dead             Necr           5%         N/A       50%         4
 Agony                    Necr           11%        N/A       83%         5


Dungeon Overview and Level Annotations

Branches:
Dungeon (2/15)

Altars:


Innate Abilities, Weirdness & Mutations

You are immune to sickness and miasma.
Your stone body is resilient. (AC +2)
You are immune to poison.
You resist negative energy. (rN+)
You are resistant to electric shocks. (rElec)
You are resistant to unholy torment.
You are immune to petrification.


Message History

The adder is moderately wounded.
The adder closely misses you. The adder bites you but does no damage.
You shoot a stone. The stone hits the adder!
The adder is almost dead.
The adder bites you but does no damage.
You shoot a stone. The stone barely misses the adder.
The stone closely misses the frilled lizard.
The adder bites you. The adder closely misses you.
You shoot a stone. The stone closely misses the adder.
The stone misses the frilled lizard.
The adder bites you. The adder bites you but does no damage.
You shoot a stone. The stone closely misses the adder.
The adder bites you.
You shoot a stone. The stone misses the adder.
The adder bites you but does no damage.
The frilled lizard bites you but does no damage.
The adder completely misses you. The frilled lizard barely misses you.
The adder bites you.
Casting: Pain (safe; 5% risk of failure)
Confirm with . or Enter, or press ? or * to list all spells.
Aiming: Pain (safe; 5% risk of failure)
Press: ? - help, Shift-Dir - straight line, f/p - adder
Aim: an adder (almost dead, chance to affect: 73%)
The frilled lizard writhes in agony.
The frilled lizard bites you.
* * * LOW HITPOINT WARNING * * *
Fire: 7 stones
Press: ? - help, Q - select action, (/) - cycle Shift-Dir - straight line, f/p - adder
Aim: an adder (severely wounded, 26% to hit)
You shoot a stone.
The stone closely misses the frilled lizard.
The stone misses the adder.
The frilled lizard bites you.
* * * LOW HITPOINT WARNING * * *
Fire: 6 stones
Press: ? - help, Q - select action, (/) - cycle Shift-Dir - straight line, f/p - adder
Aim: an adder (severely wounded, 26% to hit)
You shoot a stone.
The stone hits the frilled lizard but does no damage.
The frilled lizard is heavily wounded.
The frilled lizard bites you.
You die...

###....##......#.#...
###..#####....>....
##.####...##.#...
##...........###.
#..#...#.##...##.
#.##.###.###..##.
##.##.# #.# #..##.
#..#..# #.# #..##.
#@## ## ....#. #l# .#
...#. ##S#.# ...##.
##....# .... #..(.##
#..(.### #..### ....
#...


You could see an adder and a frilled lizard.

Vanquished Creatures
  A bat (D:1)
  4 endoplasms
  A giant cockroach (D:1)
  3 goblins (D:1)
  4 hobgoblins
  A quokka (D:2)
  2 ball pythons (D:1)
  A frilled lizard (D:2)
  A rat (D:2)
18 creatures vanquished.

Notes
Turn   | Place    | Note
-------+----------+-------------------------------------------
     0 | D:1      | SnakkuSnakku7 the Gargoyle Necromancer began the quest for
                  | the Orb.
     0 | D:1      | Reached XP level 1. HP: 10/10 MP: 3/3
   486 | D:1      | Reached skill level 1 in Slings
   486 | D:1      | Reached XP level 2. HP: 11/15 MP: 5/5
   604 | D:1      | Found a faded altar of an unknown god.
  1442 | D:2      | Slain by a frilled lizard

Illustrated notes

Levels and vault maps discovered:
D:1:      wander_arrival_desolate, layout_loops_ring,
          shapermc_ecumenical_altar_flowoftime, amethyst_killhole
D:2:      layout_rooms

Skill      XL: |  1  2 |
---------------+-------+-----
Slings         | 1 2 |  2.0
Dodging        | |  1.5
Stealth        | |  2.1
Spellcasting   | |  2.0
Necromancy     | |  3.4

Action                   || total
-------------------------++-------
 Fire: Fustibalus        ||    53
 Cast: Pain              ||    11
Armor: Robe              ||    13
Dodge: Dodged            ||    24
